 Dungeon Crawl Stone Soup version 0.29.1-1-gd02db6906a (webtiles) character file.

Game seed: 17632119423728573464

20 lonewolfV2 the Trooper (level 2, 0/27 HPs)
             Began as a Minotaur Fighter on Oct 16, 2022.
             Frozen to death by an endoplasm (3 damage)
             ... on level 1 of the Dungeon.
             The game lasted 00:00:42 (298 turns).

lonewolfV2 the Trooper (Minotaur Fighter)            Turns: 298, Time: 00:00:44

Health: 0/27       AC:  7    Str: 20    XL:     2   Next: 58%
Magic:  1/1        EV:  9    Int:  5    God:
Gold:   17         SH:  4    Dex:  9    Spells: 1/1 levels left

rFire   . . .      SeeInvis .   a - +0 war axe
rCold   . . .      Faith    .   c - +0 buckler
rNeg    . . .      Spirit   .   b - +0 scale mail
rPois   .          Reflect  .   (helmet restricted)
rElec   .          Harm     .   (no cloak)
rCorr   .          Rampage  .   (no gloves)
Will    .....                   (no boots)
Stlth   ..........              g - amulet of regeneration
HPRegen 0.89/turn               (no ring)
MPRegen 0.07/turn               (no ring)

@: mighty
A: horns 2, retaliatory headbutt
a: no special abilities


You were on level 1 of the Dungeon.
You visited 1 branch of the dungeon, and saw 1 of its levels.

You collected 17 gold pieces.

Inventory:

Hand Weapons
 a - a +0 war axe (weapon)
Armour
 b - a +0 scale mail (worn)
 c - a +0 buckler (worn)
Jewellery
 g - an amulet of regeneration (around neck)
Scrolls
 e - a scroll of fog {unknown}
Potions
 f - a potion of degeneration {unknown}


   Skills:
 + Level 4.1 Fighting
 + Level 2.5 Axes
 + Level 4.1 Armour
 + Level 4.0 Shields


You had one spell level left.
You didn't know any spells.
Your spell library was empty.

Dungeon Overview and Level Annotations

Branches:
Dungeon (1/15)

Altars:


Innate Abilities, Weirdness & Mutations

You have a pair of horns on your head.
You reflexively headbutt those who attack you in melee.


Message History

You hit the quokka but do no damage. The quokka bites you.
The goblin hits you from afar with a +0 spear.
You block the quokka's attack.
You miss the quokka. Your headbutt misses the quokka.
The quokka bites you but does no damage.
The goblin hits you from afar with a +0 spear.
You block the goblin's attack. You block the quokka's attack.
You hit the quokka but do no damage. Your headbutt misses the quokka.
The quokka bites you.
The goblin hits you from afar with a +0 spear.
You closely miss the quokka. You hit the ball python.
The quokka barely misses you. You block the ball python's attack.
The ball python grabs you. The ball python constricts you.
The goblin hits you but does no damage. The quokka bites you.
The ball python bites you but does no damage.
The ball python constricts you. The goblin hits you but does no damage.
You closely miss the quokka. You headbutt the quokka.
You kill the quokka!
You hit the ball python.
You kill the ball python!
The goblin hits you from afar with a +0 spear.
Your Armour skill increases to level 4!
You barely miss the hobgoblin. You headbutt the hobgoblin.
The hobgoblin is moderately wounded.
You hit the endoplasm but do no damage. You block the hobgoblin's attack.
The goblin hits you but does no damage. The endoplasm freezes you.
You are frozen.
The endoplasm freezes you.
You are frozen.
* * * LOW HITPOINT WARNING * * *
The hobgoblin barely misses you. The goblin barely misses you.
Sorry, you're not good enough to have a special ability.
You feel very mighty all of a sudden. You block the hobgoblin's attack.
The goblin hits you from afar with a +0 spear.
* * * LOW HITPOINT WARNING * * *
The endoplasm freezes you.
You are frozen.
You die...

..(.########.#####
##### #.## ##.# # #
## #.## # #K
#.###.# .#.## #####
#.#.## #####....
....#
##<######..#..#.##
....#
##.#.#.#.#J†.......
....#
#.###.#.#@gg.#..###
....#
##.########g.......
....# #.##
#........ ....#
##.# #........
....## #.##
#........
.....###.#
.........
.........#
.........
##.#.#####
......... ##...#


You could see an endoplasm, 2 hobgoblins and a goblin (strong).

Vanquished Creatures
  3 ball pythons (D:1)
  2 endoplasms (D:1)
  3 giant cockroaches (D:1)
  A hobgoblin (D:1)
  A kobold (D:1)
  A quokka (D:1)
  2 bats (D:1)
  2 frilled lizards (D:1)
  2 goblins (D:1)
17 creatures vanquished.

Notes
Turn   | Place    | Note
-------+----------+-------------------------------------------
     0 | D:1      | lonewolfV2 the Minotaur Fighter began the quest for the
                  | Orb.
     0 | D:1      | Reached XP level 1. HP: 19/19 MP: 0/0
    74 | D:1      | Reached XP level 2. HP: 18/27 MP: 1/1
   298 | D:1      | Frozen to death by an endoplasm

Illustrated notes

Levels and vault maps discovered:
D:1:      reono_arrival_mine, layout_rooms,
          chequers_ecumenical_altar_simple_redux, minmay_surrounded

Skill      XL: |  1  2 |
---------------+-------+-----
Fighting       | 4 |  4.1
Shields        | 4 |  4.0
Armour         | 4 |  4.1
Axes           | |  2.5

Action                   || total
-------------------------++-------
Melee: War axe           ||    22
       Headbutt          ||     5
  Use: Scroll            ||     1
       Potion            ||     1
Armor: Scale mail        ||    17
Dodge: Dodged            ||    19
Block: Buckler           ||    21
